 Dungeon Crawl Stone Soup version 0.31-a0-1074-g0b22e4e0f1 (webtiles) character file.

Game seed: 7813319671813684163

102 Jeffwins the Stinger (level 4, 0/33 HPs)
             Began as a Vine Stalker Venom Mage on Dec 4, 2023.
             Slain by a water moccasin (2 damage)
             ... on level 3 of the Dungeon.
             The game lasted 00:03:28 (1930 turns).

Jeffwins the Stinger (Vine Stalker Venom Mage)      Turns: 1930, Time: 00:03:28

Health: 0/33       AC:  6    Str: 11    XL:     4   Next: 78%
Magic:  0/9        EV: 12    Int: 23    God:
Gold:   127        SH:  0    Dex: 14    Spells: 1/9 levels left

rFire   . . .        h - +0 spear
rCold   . . .        (no shield)
rNeg    . . .        a - +0 robe
rPois   .            (no helmet)
rElec   .            (no cloak)
rCorr   .            (no gloves)
SInv    .            (no boots)
Will    .....        (no amulet) Stlth
                     I - +6 ring of intelligence
HPRegen 1.05/turn    O - +4 ring of protection
MPRegen 0.11/turn

%: guardian spirit
@: berserking, lethally poisoned (0 -> -5), very slightly contaminated, very
quick
A: fangs 2, regeneration 1, magic shield, antimagic bite, no potion heal 2
a: no special abilities


You were on level 3 of the Dungeon.
You visited 1 branch of the dungeon, and saw 3 of its levels.

You collected 127 gold pieces.


Innate Abilities, Weirdness & Mutations

You have extremely sharp teeth.
Your natural rate of healing is unusually fast.
When hurt, damage is shared between your health and your magic reserves.
Your bite disrupts and absorbs the magic of your enemies.
Potions cannot restore your health.


   Skills:
 + Level 1.2 Fighting
 - Level 2.0 Dodging
 + Level 3.2 Stealth
 * Level 3.2 Spellcasting
 + Level 0.1 Conjurations
 - Level 1.0 Transmutations
 * Level 0.3 Air Magic
 * Level 3.7 Poison Magic


You had one spell level left.
You knew the following spells:

 Your Spells              Type           Power      Damage    Failure   Level
m - Mephitic Cloud        Conj/Pois/Air  10%        N/A       19%         3
o - Olgreb's Toxic Radia  Pois           20%        N/A       24%         4
z - Sting                 Tmut/Pois      56%        1d5       4%          1

Your spell library contained the following spells:

 Spells                   Type           Power      Damage    Failure   Level
 Poisonous Vapours        Pois/Air       26%        N/A       8%          2

Inventory:

Hand Weapons
 h - a +0 spear (weapon)
Missiles
 f - 2 poisoned darts
Armour
 a - a +0 robe (worn)
 j - a +0 tower shield
Jewellery
 I - a +6 ring of intelligence (left hand)
 O - a +4 ring of protection (right hand)
Talismans
 e - a flux talisman
Scrolls
 d - a scroll of enchant armour {unknown}
 i - a scroll of identify {unknown}
 n - 3 scrolls of fog {unknown}
 o - a scroll of teleportation {unknown}
 p - a scroll of poison {unknown}
Potions
 b - 2 potions of magic
 c - a potion of brilliance {unknown}
 k - 2 potions of degeneration {unknown}
 l - a potion of lignification {unknown}
 m - a potion of berserk rage {!q}

Dungeon Overview and Level Annotations

Branches:
Dungeon (3/15)

Altars:
Makhleb

####.†........# .#
##..(.≈≈≈..#### ?#
#....≈(≈.....# .#
#....≈≈≈.....####<#
#................#
###.##.##......#.#.###
#......##............####
#...#.##...?.......#..)..
#...#...@##....#....#####
#......S>#....#.#....##
#.......#....#.▓.#....#
###.........#.#.#.#....#
#..†.....#.▓.#.▓.#....#
#.†.....#.#.#.#.#.#....
#......#.▓.#.▓.#.▓.#...
#.....#.#.#.#.#.#.#.#..
#....#.▓.#.▓.#.▓.#.▓.#.


You could see a water moccasin.


Message History

* * * LOW HITPOINT WARNING * * *
You are too injured to fight recklessly!
Unknown command.
It was a potion of berserk rage.
A red film seems to cover your vision as you go berserk!
You feel yourself moving faster!
You feel mighty!
You feel sick. The water moccasin barely misses you.
You barely miss the water moccasin. Your bite misses the water moccasin.
The water moccasin is heavily wounded.
You feel sick.
The water moccasin bites you but does no damage.
Unknown command.
You barely miss the water moccasin. Your bite misses the water moccasin.
The water moccasin is heavily wounded.
You feel sick. The water moccasin bites you.
* * * LOW HITPOINT WARNING * * *
You are more poisoned.
The water moccasin poisons you!
You puncture the water moccasin! Your bite misses the water moccasin.
The water moccasin is almost dead.
* * * LOW HITPOINT WARNING * * *
You feel very sick. The water moccasin bites you.
* * * LOW HITPOINT WARNING * * *
Unknown command.
You miss the water moccasin. Your bite misses the water moccasin.
The water moccasin is almost dead.
* * * LOW HITPOINT WARNING * * *
You feel sick. The water moccasin bites you.
You die...

Skill      XL: |  1  2  3  4 |
---------------+-------------+-----
Fighting       | 1 |  1.2
Dodging        | 2 |  2.0
Spellcasting   | 3 |  3.2
Stealth        | 3 |  3.2
Conjurations   | |  0.1
Transmutations | |  1.0
Air Magic      | |  0.3
Poison Magic   | |  3.7

Action                     |  1- 3 |  4- 6 || total
---------------------------+-------+-------++-------
  Melee: Unarmed           |    30 |       ||    30
         Bite              |    26 |    17 ||    43
         Spear             |    78 |    82 ||   160
   Cast: Sting             |     3 |     5 ||     8
    Use: Potion            |       |     2 ||     2
   Stab: Sleeping          |     8 |     4 ||    12
 Armour: Robe              |    49 |    58 ||   107
  Dodge: Dodged            |    65 |    50 ||   115

Levels and vault maps discovered:
D:1:      heliophobic_arrival_henge, layout_loops_corners
D:2:      layout_basic, basic_altar, hellmonk_ecumenical_altar_leap_of_faith,
          minmay_mini_jars
D:3:      layout_basic, overflow_temple_1_default,
          corexii_item_surrounded_by_moat, nicolae_the_louvre

Notes
Turn   | Place    | Note
-------+----------+-------------------------------------------
     0 | D:1      | Jeffwins the Vine Stalker Venom Mage began the quest for
                  | the Orb.
     0 | D:1      | Reached XP level 1. HP: 9/9 MP: 4/4
   376 | D:1      | Reached XP level 2. HP: 13/13 MP: 3/6
   912 | D:2      | Reached XP level 3. HP: 14/17 MP: 4/7
  1255 | D:2      | Found a faded altar of an unknown god.
  1277 | D:2      | Reached skill level 1 in Fighting
  1277 | D:2      | Reached skill level 2 in Dodging
  1305 | D:2      | Found a burning altar of Makhleb.
  1361 | D:2      | Reached skill level 3 in Spellcasting
  1361 | D:2      | Reached XP level 4. HP: 22/22 MP: 4/9
  1464 | D:2      | Reached skill level 3 in Stealth
  1708 | D:3      | Learned a level 3 spell: Mephitic Cloud
  1713 | D:3      | Learned a level 4 spell: Olgreb's Toxic Radiance
  1829 | D:3      | Noticed a water moccasin
  1930 | D:3      | HP: 2/33 [poisoned by a water moccasin]
  1930 | D:3      | Slain by a water moccasin

Vanquished Creatures
  4 adders (D:2)
  2 worms (D:2)
  2 dart slugs
  4 bats
  3 giant cockroaches (D:2)
  6 goblins
  6 hobgoblins
  3 jackals (D:3)
  3 quokkas
  11 ball pythons
  2 frilled lizards (D:1)
  5 kobolds
  5 rats
56 creatures vanquished.

Table legend: (Time is in decaauts)
 A = Elapsed time spent in this place.
 B = Non-inter-level travel time spent in this place.
 C = Inter-level travel time spent in this place.
 D = Time resting spent in this place.
 E = Time spent auto-exploring this place.
 F = Levels seen in this place.
 G = Mean time per level.
                   A        B        C        D        E       F      G
               +--------+--------+--------+--------+--------+-----+--------+
         Total |   1943 |   1904 |     39 |     12 |   1413 |   3 |  647.7 |
       Dungeon |   1943 |   1904 |     39 |     12 |   1413 |   3 |  647.7 |
               +--------+--------+--------+--------+--------+-----+--------+

Top non-repeatable levels by time:
     D:1: 863 daAuts
     D:2: 849 daAuts
     D:3: 229 daAuts

Table legend:
 A = Non-vault XP
 B = Vault XP
 C = Vault XP percentage of total XP
 D = Non-vault monster count
 E = Vault monster count
 F = Vault count percentage of total count
                 A         B        C        D         E       F
            +---------+---------+-------+---------+---------+-------
      Total |     116 |      31 |  21.1 |      46 |      10 |  17.9
            +---------+---------+-------+---------+---------+-------
        D:1 |      22 |       0 |   0.0 |      14 |       0 |   0.0
        D:2 |      74 |      31 |  29.5 |      21 |      10 |  32.3
        D:3 |      20 |       0 |   0.0 |      11 |       0 |   0.0
            +---------+---------+-------+---------+---------+-------
